 Dungeon Crawl Stone Soup version 0.26-a0-651-gb41185065b (webtiles) character file.

Game seed: 202324457906374158

128 Lanoc the Charlatan (level 4, 0/33 HPs)
             Began as a Vampire Artificer on Oct 27, 2020.
             Was an Initiate of Trog.
             Slain by a gnoll
             ... wielding a +0 spear
              (9 damage)
             ... on level 4 of the Dungeon.
             The game lasted 00:02:40 (1312 turns).

Lanoc the Charlatan (Vampire Artificer)             Turns: 1312, Time: 00:02:41

Health: 0/33       AC:  3    Str: 11    XL:     4   Next: 87%
Magic:  4/4        EV: 13    Int: 13    God:    Trog [......]
Gold:   81         SH:  0    Dex: 15    Spells: 3/3 levels left

rFire    . . .     SeeInvis +   a - +0 club
rCold    . . .     Faith    .   (no shield)
rNeg     . . .     Spirit   .   b - +0 leather armour
rPois    .         Reflect  .   (no helmet)
rElec    .         Harm     .   (no cloak)
rCorr    .         Rampage  .   (no gloves)
MR       .....                  (no boots)
Stlth    +++.......             (no amulet)
HPRegen  0.31/turn              l - ring of stealth
MPRegen  0.09/turn              (no ring)

@: regenerating quickly
A: fangs 3, see invisible, unbreathing
a: Exsanguinate, Renounce Religion


You were on level 4 of the Dungeon.
You worshipped Trog.
Trog was noncommittal.
You visited 1 branch of the dungeon, and saw 4 of its levels.

You collected 81 gold pieces.

Inventory:

Hand Weapons
 a - a +0 club (weapon)
Armour
 b - a +0 leather armour (worn)
Jewellery
 l - a ring of stealth (left hand)
Wands
 c - a wand of flame (14)
 d - a wand of enslavement (11)
 e - a wand of random effects (9)
Scrolls
 g - a scroll of teleportation {unknown}
 i - a scroll of remove curse
 k - a scroll of immolation {unknown}
 m - a scroll of identify {unknown}
 n - a scroll of amnesia {unknown}
Potions
 f - a potion of ambrosia {unknown}
 h - a potion of flight {unknown}
 j - a potion of haste {unknown}
 o - a potion of curing {unknown}
 p - a potion of brilliance {unknown}
 q - a potion of resistance {unknown}


   Skills:
 + Level 2.0 Fighting
 + Level 1.7 Armour
 + Level 3.1 Dodging
 - Level 1.5 Stealth
 * Level 3.8 Evocations


You had 3 spell levels left.
You didn't know any spells.
Your spell library was empty.

Dungeon Overview and Level Annotations

Branches:
Dungeon (4/15)
 Temple: D:4-7

Altars:
Sif Muna
Trog


Innate Abilities, Weirdness & Mutations

Your natural rate of healing is unusually fast.
You have razor-sharp teeth.
You have supernaturally acute eyesight. (SInv)
You can survive without breathing.


Message History

You barely miss the gnoll.
The gnoll is severely wounded.
The gnoll barely misses you. x2
You hit the gnoll.
The gnoll is severely wounded.
The gnoll hits you but does no damage. The gnoll hits you with a +0 flail.
The gnoll hits you from afar with a +0 spear!
* * * LOW HITPOINT WARNING * * *
You are too injured to fight recklessly!
You are too injured to fight recklessly!
You are too injured to fight recklessly!
You are too injured to fight recklessly!
You are too injured to fight recklessly!
Evoke which item? (* to show all) (? for menu, Esc to quit)
Aiming: Enslavement
Press: ? - help, Shift-Dir - straight line, f - gnoll
Aim: a gnoll, wielding a +0 flail (severely wounded, chance to defeat MR: 66%)
The gnoll struggles to resist.
The gnoll misses you.
The gnoll hits you from afar with a +0 spear!
You die...

#.....#########.#
#......†.†......##
#..<(.###†....g..g
#.....# #.#####.##
#.#.### #........
#.#.# #.#####.### #
#.# ##.## ..
#.####...####g###.#
#.)....#..@ggg....#
######...##########
##.## #... #####


You could see 4 gnolls.

Vanquished Creatures
  Blork the orc (D:3)
  3 adders (D:3)
  An ooze (D:3)
  2 worms
  An orc (D:3)
  A bat (D:3)
  4 giant cockroaches
  3 goblins
  A hobgoblin (D:3)
  9 jackals
  2 ball pythons
  A rat (D:3)
29 creatures vanquished.

Vanquished Creatures (collateral kills)
  2 orcs (D:3)
2 creatures vanquished.

Vanquished Creatures (others)
  An adder (D:3)
  A hobgoblin (D:3)
2 creatures vanquished.

Grand Total: 33 creatures vanquished

Notes
Turn   | Place    | Note
-------+----------+-------------------------------------------
     0 | D:1      | Lanoc the Vampire Artificer began the quest for the Orb.
     0 | D:1      | Reached XP level 1. HP: 14/14 MP: 1/1
   146 | D:2      | Reached skill level 1 in Fighting
   161 | D:2      | Reached skill level 1 in Armour
   197 | D:3      | Reached XP level 2. HP: 20/21 MP: 2/2
   356 | D:3      | Found a bloodstained altar of Trog.
   373 | D:3      | Became a worshipper of Trog the Wrathful
   555 | D:3      | Noticed Blork the orc
   564 | D:3      | Killed Blork the orc
   564 | D:3      | Reached XP level 3. HP: 27/27 MP: 3/3
   564 | D:3      | Reached XP level 4. HP: 33/33 MP: 4/4
   569 | D:3      | Found a shimmering blue altar of Sif Muna.
  1312 | D:4      | Slain by a gnoll

Illustrated notes

Levels and vault maps discovered:
D:1:      dpeg_arrival_simpleton_c, layout_loops_corners
D:2:      kennysheep_the_goblin_king, layout_loops_ring,
          lemuel_zombie_altar_yredelemnul
D:3:      layout_basic, nicolae_overflow_crystal_walls, tgw_sif
D:4:      layout_loops_ring, nicolae_overflow_hidden_temple, tso_altar,
          uniq_ijyb, uniq_robin

Skill      XL: |  1  2  3  4 |
---------------+-------------+-----
Fighting       | 1 2 |  2.0
Armour         | 1 |  1.7
Evocations     | 3 |  3.8
Dodging        | 3 |  3.1
Stealth        | |  1.5

Action                   |  1- 3 |  4- 6 || total
-------------------------+-------+-------++-------
Melee: Club              |    64 |    95 ||   159
       Bite              |     7 |     9 ||    16
Evoke: Wand              |     9 |     2 ||    11
  Use: Scroll            |     1 |       ||     1
 Stab: Sleeping          |     1 |     5 ||     6
Armor: Leather armour    |    17 |    25 ||    42
Dodge: Dodged            |    54 |   116 ||   170

Table legend: (Time is in decaauts)
 A = Elapsed time spent in this place.
 B = Non-inter-level travel time spent in this place.
 C = Inter-level travel time spent in this place.
 D = Time resting spent in this place.
 E = Time spent auto-exploring this place.
 F = Levels seen in this place.
 G = Mean time per level.
                   A        B        C        D        E       F      G
               +--------+--------+--------+--------+--------+-----+--------+
         Total |   1357 |   1339 |     18 |      0 |    927 |   4 |  339.2 |
       Dungeon |   1357 |   1339 |     18 |      0 |    927 |   4 |  339.2 |
               +--------+--------+--------+--------+--------+-----+--------+

Top non-repeatable levels by time:
     D:3: 1065 daAuts
     D:1: 130 daAuts
     D:4: 110 daAuts
     D:2: 50 daAuts
